 Dungeon Crawl Stone Soup version 0.29.1-15-g9cfb28693d (webtiles) character file.

Game seed: 17203919313302129773

2 DemonSlayer the Digger (level 1, 0/13 HPs)
             Began as a Demonspawn Earth Elementalist on Mar 14, 2023.
             Slain by a worm (8 damage)
             ... on level 2 of the Dungeon.
             The game lasted 00:00:55 (228 turns).

DemonSlayer the Digger (DsEE)                        Turns: 228, Time: 00:00:55

Health: 0/13       AC:  3    Str:  8    XL:     1   Next: 33%
Magic:  0/3        EV: 12    Int: 16    God:
Gold:   28         SH:  0    Dex: 13    Spells: 3/4 levels left

rFire   + . .      SeeInvis .   d - +0 spear
rCold   . . .      Faith    .   (no shield)
rNeg    . . .      Spirit   .   a - +0 robe
rPois   .          Reflect  .   f - +1 hat
rElec   .          Harm     .   (no cloak)
rCorr   .          Rampage  .   (no gloves)
Will    .....                   (no boots)
Stlth   ++........              (no amulet)
HPRegen 0.04/turn               c - ring of protection from fire
MPRegen 0.08/turn               (no ring)

@: no status effects
A: no striking features
a: no special abilities


You were on level 2 of the Dungeon.
You visited 1 branch of the dungeon, and saw 2 of its levels.

You collected 28 gold pieces.

Inventory:

Hand Weapons
 d - a +0 spear (weapon)
Armour
 a - a +0 robe (worn)
 f - a +1 hat (worn)
Jewellery
 c - a ring of protection from fire (left hand)
Scrolls
 e - a scroll of magic mapping {unknown}
Potions
 b - a potion of magic


   Skills:
 + Level 1.7 Dodging
 + Level 1.9 Stealth
 + Level 2.1 Spellcasting
 + Level 0.8 Transmutations
 + Level 2.6 Earth Magic


You had 3 spell levels left.
You knew the following spells:

 Your Spells              Type           Power      Damage    Failure   Level
a - Sandblast             Erth           20%        2d7       7%          1

Your spell library contained the following spells:

 Spells                   Type           Power      Damage    Failure   Level
 Passwall                 Tmut/Erth      5%         N/A       16%         2
 Stone Arrow              Conj/Erth      10%        3d7       34%         3
 Petrify                  Tmut/Erth      7%         N/A       69%         4


Dungeon Overview and Level Annotations

Branches:
Dungeon (1/15)

Altars:


Message History

You finish putting on your +1 hat.
An endoplasm comes into view.
Found 2 murky puce potions.
The endoplasm quivers.
You can't see any susceptible monsters within range! (Use Z to cast anyway.)
You can't see any susceptible monsters within range! (Use Z to cast anyway.)
You can't see any susceptible monsters within range! (Use Z to cast anyway.)
A sourceless malevolence fills the Dungeon...
You fall into a shaft and drop 1 floor!
The shaft crumbles and collapses.
You can't see any susceptible monsters within range! (Use Z to cast anyway.)
A worm comes into view.
A worm is nearby!
A worm is nearby!
Found an inky potion.
Found a leather armour.
You can't see any susceptible monsters within range! (Use Z to cast anyway.)
You can't see any susceptible monsters within range! (Use Z to cast anyway.) No target in view!
A dart slug and a frilled lizard come into view.
The frilled lizard moves out of view.
A dart slug is nearby!
A dart slug is nearby!
No reachable target in view!
No reachable target in view!
No reachable target in view!
No reachable target in view!
A dart slug is nearby!
A dart slug is nearby!
A dart slug is nearby!
The blast of sand hits the worm.
The worm is moderately wounded.
The blast of sand hits the worm!
The worm is severely wounded.
The worm bites you.
The blast of sand hits the worm.
The worm is severely wounded.
The worm bites you!
Ouch! That really hurt!
You die...

###############
###........@w...#
##...#####....#....#
####..### ##...# .##
#....##
#....#...#...#w
#.####
#..#.#.!.#...#. #.#
. #.#..#.#.[# #.# !
#..#.#..#. #.#
####..#.#..## ..#
..##.##..


You could see a worm.

Vanquished Creatures
  A bat (D:1)
  A giant cockroach (D:1)
2 creatures vanquished.

Notes
Turn   | Place    | Note
-------+----------+-------------------------------------------
     0 | D:1      | DemonSlayer the Demonspawn Earth Elementalist began the
                  | quest for the Orb.
     0 | D:1      | Reached XP level 1. HP: 13/13 MP: 3/3
   204 | D:1      | You fall into a shaft and drop 1 floor!
   228 | D:2      | Slain by a worm

Illustrated notes

Levels and vault maps discovered:
D:1:      dpeg_arrival_refuge, layout_basic,
          shapermc_ecumenical_altar_hornbeckon, hex_intersection
D:2:      layout_basic, basic_altar, serial_aquarium, aquarium_bridge_straight
          [aquarium_subvault_bridge, aquarium_subvault_window,
          aquarium_subvault_bridge, aquarium_subvault_wall],
          aquarium_window_fake, aquarium_window_1, aquarium_view_2f, minmay_puff

Action                   || total
-------------------------++-------
Melee: Spear             ||     5
 Cast: Sandblast         ||     9
Armor: Robe              ||     4
Dodge: Dodged            ||     6
